cohdb
Replays
Latest Replays
All Replays
Popular Replays
Top Player Replays
Match Explorer
How It Works
Community
CoH3 Stats
Reddit
Sign in to upload your games and track your stats! →
Sign in with Steam
Match 42519377
Unlisted
Match 42519377
Overview
Messages
Build Orders
End
Construct Barracks
Scout Squad
Selects Advanced Infantry Battlegroup
Riflemen Squad
Riflemen Squad
Construct Weapon Support Center
M1 Mortar Team
Selects Artillery Observers
Construct Medical Station
Selects Convert to Ranger Squad
M1919 Machine Gun Team
Infantry Support Center
M1919 Machine Gun Team
Advanced Logistics
Selects Frontline Medical Station
Convert to Ranger Squad
Selects Infantry Assault
Convert to Ranger Squad
Frontline Medical Station
Captain Retinue
Construct Tank Depot
Selects M2A1 105mm Howitzer Emplacement
Engineer Squad
Infantry Assault
M4A1 Sherman Medium Tank
.30 cal Machine Gun
M4A1 Sherman Medium Tank
M4A1 Sherman Medium Tank
M4A1 Sherman Medium Tank
Bandit
MadMax
0
0
Comments
sign in to comment!
No comments posted yet!